 Dungeon Crawl Stone Soup version 0.29-a0-409-gd843f3a48c (webtiles) character file.

Game seed: 10081131082575256644

6797 bande the Cleaver (level 11, -2/67 HPs)
             Began as a Gargoyle Fighter on May 15, 2022.
             Was a Believer of Okawaru.
             Slain by a spatial maelstrom (4 damage)
             ... on level 2 of the Abyss.
             The game lasted 00:20:49 (8772 turns).

bande the Cleaver (Gargoyle Fighter)                Turns: 8772, Time: 00:20:49

Health: -2/67      AC: 22    Str: 17    XL:     11   Next: 5%
Magic:  13/13      EV:  8    Int:  8    God:    Okawaru [**....]
Gold:   359        SH: 10    Dex:  9    Spells: 10/10 levels left

rFire   . . .      SeeInvis .   b - +0 war axe (freeze)
rCold   . . .      Faith    .   k - +1 kite shield
rNeg    + . .      Spirit   .   F - +0 plate armour
rPois   ∞          Reflect  .   (no helmet)
rElec   +          Harm     .   d - +2 cloak
rCorr   .          Rampage  .   g - +0 pair of gloves
Will    .....                   h - +0 pair of boots
Stlth   ..........              f - amulet of regeneration
HPRegen 1.01/turn               e - +4 ring of evasion
MPRegen 0.13/turn               s - +4 ring of slaying

@: unable to read
A: sickness immunity, AC +8, negative energy resistance 1, electricity
resistance, torment resistance 1, petrification resistance, [clumsy 2],
[deformed body], [weak 2], [inability to read while threatened]
a: Renounce Religion, Heroism


You were on level 2 of the Abyss.
You worshipped Okawaru.
Okawaru was pleased with you.
You visited 2 branches of the dungeon, and saw 10 of its levels.
You visited the Abyss 1 time.

You collected 458 gold pieces.
You spent 99 gold pieces at shops.

Inventory:

Hand Weapons
 a - a +1 war axe
 b - a +0 war axe of freezing (weapon)
 i - a +0 broad axe of electrocution
 t - a +2 flail of holy wrath
Armour
 d - a +2 cloak (worn)
 g - a +0 pair of gloves (worn)
 h - a +0 pair of boots (worn)
 k - a +1 kite shield (worn)
 y - a +0 hat
 F - a +0 plate armour (worn)
Jewellery
 e - a +4 ring of evasion (left hand)
 f - an amulet of regeneration (around neck)
 r - an amulet of magic regeneration
 s - a +4 ring of slaying (right hand)
 u - a +6 ring of dexterity
 w - a ring of flight
Wands
 p - a wand of flame (51)
 B - a wand of iceblast (8)
 C - a wand of mindburst (4)
Scrolls
 x - a scroll of enchant armour
 D - a scroll of teleportation
Potions
 c - a potion of cancellation {unknown}
 j - a potion of curing
 m - a potion of attraction {unknown}
 n - a potion of lignification {unknown}
 o - 3 potions of heal wounds
 q - a potion of brilliance {unknown}
 v - 3 potions of haste
 z - 2 potions of mutation {unknown}
 A - a potion of might


   Skills:
 + Level 7.2 Fighting
 + Level 9.4 Axes
 + Level 7.4 Armour
 + Level 7.9 Shields
 * Level 3.2 Invocations
 * Level 6.2 Evocations


You had 10 spell levels left.
You didn't know any spells.
Your spell library contained the following spells:

 Spells                   Type           Power      Damage    Failure   Level
 Sandblast                Erth           0%         2d4       100%        1
 Shock                    Conj/Air       0%         1d3       100%        1
 Passwall                 Tmut/Erth      0%         N/A       100%        2
 Portal Projectile        Hex/Tloc       0%         N/A       100%        3
 Stone Arrow              Conj/Erth      0%         3d7       100%        3
 Swiftness                Air            0%         N/A       100%        3
 Airstrike                Air            0%         N/A       100%        4
 Leda's Liquefaction      Hex/Erth       0%         N/A       100%        4
 Summon Small Mammal      Summ           Unusable   N/A       N/A         1
 Call Canine Familiar     Summ           Unusable   N/A       N/A         3
 Summon Guardian Golem    Hex/Summ       Unusable   N/A       N/A         3

Dungeon Overview and Level Annotations

Branches:
Dungeon (9/15)             Temple (1/1) D:7
   Lair: D:8-11         Orc: D:9-12

Altars:
Ashenzari
Cheibriados
Dithmenos
Elyvilon
Gozag
Hepliaklqana
Kikubaaqudgha
Makhleb
Nemelex Xobeh
Okawaru
Qazlal
Ru
Sif Muna
Trog
Uskayaw
Vehumet
Wu Jian
Xom
Yredelemnul
Zin
The Shining One
Beogh

Shops:
D:1 *?*((   D:2 ?

Annotations:
D:9 Erolcha


Innate Abilities, Weirdness & Mutations

You are immune to sickness and miasma.
Your stone body is resilient. (AC +8)
You are immune to poison.
You resist negative energy. (rN+)
You are resistant to electric shocks. (rElec)
You are resistant to unholy torment.
You are immune to petrification.
[You are very clumsy. (Dex -4)]
[Armour fits poorly on your strangely shaped body.]
[You are very weak. (Str -4)]
[You sometimes lose the ability to read scrolls when taking damage.]


Message History

The spatial vortex hits you but does no damage.
The wretched star pulses with an eldritch light!
The spatial maelstrom hits you!
You feel threatened and lose the ability to read scrolls!
You blink.
A spatial vortex comes into view.
Found a gateway leading deeper into the Abyss.
Unknown command.
Unknown command.
You block the spatial maelstrom's attack.
The spatial maelstrom hits you but does no damage.
The ynoxinul gestures.
The spatial maelstrom attacks as you move away!
The spatial maelstrom hits you but does no damage. x2
The spatial maelstrom closely misses you.
The spatial maelstrom hits you but does no damage.
There is a gateway leading deeper into the Abyss here.
The ufetubus attacks as you move away! You block the ufetubus's attack. x2
The spatial maelstrom hits you. Space warps around you.
The spatial maelstrom barely misses you.
The ufetubus hits you but does no damage.
The ufetubus barely misses you.
A spatial vortex comes into view.
The spatial maelstrom hits you. Space warps around you.
You block the spatial maelstrom's attack.
The spatial maelstrom attacks as you move away!
The spatial maelstrom barely misses you.
The spatial maelstrom hits you! Space warps horribly around you!!
* * * LOW HITPOINT WARNING * * *
The ufetubus hits you but does no damage.
You block the ufetubus's attack.
The spatial maelstrom closely misses you.
You block the spatial maelstrom's attack.
The ufetubus hits you but does no damage.
The ufetubus closely misses you.
The spatial maelstrom attacks as you move away!
The spatial maelstrom hits you.
* * * LOW HITPOINT WARNING * * *
Space warps around you.
You die...

###.##≈# #
###*≈ ≈# ### #
####≈# .#### .#
.
5.3.55..Xv.....
.. .....
#5####.### ##..
.## #5.v..v#v
...
##.##..5##.#
..≈.5.#x5v.#
#########@##
#.# #.# #.# ..#
#.# #.. ..#


You could see a spatial maelstrom, 2 spatial vortices, a small abomination and 2
ufetubi.

Vanquished Creatures
  2 thrashing horrors (Abyss:2)
  The ghost of Kazon the Cudgeller, a novice GrBe of Trog (D:4)
  Joseph (D:8)
  A hellwing (Abyss:2)
  An ancient zyme (Abyss:2)
  A hornet (D:8)
  Grinder (D:6)
  Sigmund (D:6)
  A wyvern (D:8)
  10 yaks
  2 steam dragons
  Menkaure (D:5)
  2 acid dragons (D:8)
  3 water moccasins
  A hell hound (Abyss:2)
  3 black bears
  A sky beast (D:7)
  5 orc warriors
  2 ice beasts
  2 centaurs
  2 phantoms
  A bullfrog (D:6)
  2 scorpions
  7 killer bees
  A howler monkey (D:9)
  A hound (D:4)
  2 gnoll shamans
  2 jellies (D:4)
  7 orc priests
  Crazy Yiuf (D:6)
  Jessica (D:3)
  3 iguanas
  Ijyb (D:3)
  Terence (D:3)
  9 orc wizards
  10 adders
  11 gnolls
  A white imp (D:6)
  An ufetubus (Abyss:2)
  2 worms
  4 dart slugs
  42 orcs
  5 ball pythons
  2 endoplasms (D:1)
  A giant cockroach (D:1)
  6 goblins
  6 hobgoblins
  3 jackals (D:1)
  2 quokkas
  7 bats
  4 frilled lizards
  6 kobolds
  6 rats
202 creatures vanquished.

Vanquished Creatures (others)
  8 starspawn tentacles (Abyss:2)
8 creatures vanquished.

Grand Total: 210 creatures vanquished

Notes
Turn   | Place    | Note
-------+----------+-------------------------------------------
     0 | D:1      | bande the Gargoyle Fighter began the quest for the Orb.
     0 | D:1      | Reached XP level 1. HP: 14/14 MP: 1/1
   357 | D:1      | Reached XP level 2. HP: 19/19 MP: 2/2
   362 | D:1      | Found Ikiul's Assorted Antiques.
   549 | D:1      | Found Inysiat's General Store.
   587 | D:1      | Reached skill level 2 in Axes
   648 | D:1      | Found Gafuc's Magic Scroll Boutique.
   651 | D:1      | Reached XP level 3. HP: 24/24 MP: 3/3
   726 | D:1      | Found Turgh's Weapon Shoppe.
   768 | D:1      | Found Widog's Antique Weapon Shop.
  1019 | D:2      | Found a faded altar of an unknown god.
  1149 | D:2      | Found Lemenk's Magic Scroll Shoppe.
  1673 | D:1      | Bought a +0 war axe of freezing for 99 gold pieces
  1827 | D:3      | Reached XP level 4. HP: 29/29 MP: 4/4
  1927 | D:3      | Noticed Ijyb
  1937 | D:3      | Killed Ijyb
  1938 | D:3      | Reached skill level 3 in Axes
  2191 | D:3      | Noticed Terence
  2196 | D:3      | Killed Terence
  2197 | D:3      | Reached XP level 5. HP: 33/33 MP: 5/5
  2313 | D:3      | Noticed Jessica
  2330 | D:3      | Killed Jessica
  2580 | D:4      | Reached skill level 4 in Axes
  2580 | D:4      | Reached skill level 1 in Evocations
  2580 | D:4      | Reached XP level 6. HP: 37/38 MP: 6/6
  3334 | D:4      | Reached XP level 7. HP: 41/44 MP: 7/7
  3487 | D:5      | Entered Level 5 of the Dungeon
  3697 | D:5      | Reached skill level 5 in Axes
  3850 | D:5      | Found a runed translucent gate.
  3850 | D:5      | Found a runed translucent gate.
  3851 | D:5      | Found a runed translucent gate.
  3851 | D:5      | Noticed Kazon's ghost (novice GrBe)
  3852 | D:5      | Identified the +5 short sword of Ytonaz {freeze, rF+ rC+}
  3852 | D:5      | Identified the +0 ring mail "Dafy" {Harm}
  3946 | D:5      | Reached XP level 8. HP: 48/48 MP: 8/8
  3984 | D:5      | Reached skill level 5 in Shields
  4121 | D:5      | Reached skill level 5 in Fighting
  4258 | D:5      | Noticed Menkaure
  4263 | D:5      | Killed Menkaure
  4264 | D:5      | Reached skill level 5 in Armour
  4397 | D:4      | Killed Kazon's ghost
  4398 | D:4      | Reached skill level 6 in Axes
  4649 | D:6      | Noticed Grinder
  4649 | D:6      | Paralysed by Grinder for 3 turns
  4665 | D:6      | Reached XP level 9. HP: 48/54 MP: 9/9
  4670 | D:6      | Paralysed by Grinder for 4 turns
  4672 | D:6      | Noticed Sigmund
  4684 | D:6      | Reached skill level 7 in Axes
  4696 | D:6      | Killed Grinder
  4703 | D:6      | Killed Sigmund
  4942 | D:6      | Identified a scroll of acquirement
  4942 | D:6      | Acquired a +0 broad axe of electrocution
  5469 | D:6      | Reached skill level 8 in Axes
  5469 | D:6      | Reached skill level 5 in Evocations
  5551 | D:6      | Reached XP level 10. HP: 61/61 MP: 10/10
  5615 | D:6      | Found a runed translucent door.
  5616 | D:6      | Noticed Crazy Yiuf
  5705 | D:6      | Killed Crazy Yiuf
  6373 | D:7      | Found a staircase to the Ecumenical Temple.
  6417 | Temple   | Entered the Ecumenical Temple
  6595 | Temple   | Became a worshipper of Warmaster Okawaru
  7130 | D:8      | Reached skill level 1 in Invocations
  7285 | D:8      | Noticed Joseph
  7308 | D:8      | Killed Joseph
  7355 | D:8      | Reached skill level 9 in Axes
  7398 | D:8      | Reached * piety under Okawaru
  8314 | D:9      | Reached ** piety under Okawaru
  8315 | D:9      | Reached XP level 11. HP: 55/67 MP: 13/13
  8351 | D:9      | Noticed Erolcha
  8355 | D:9      | Cast into level 2 of the Abyss (Erolcha)
  8433 | Abyss:2  | Noticed a tentacled starspawn
  8527 | Abyss:2  | Noticed a thrashing horror
  8530 | Abyss:2  | Noticed a thrashing horror
  8548 | Abyss:2  | Killed a thrashing horror
  8550 | Abyss:2  | Killed a thrashing horror
  8669 | Abyss:2  | Noticed a green very ugly thing
  8683 | Abyss:2  | Found a corrupted altar of Lugonu.
  8749 | Abyss:2  | Noticed a wretched star
  8754 | Abyss:2  | Noticed a spatial maelstrom
  8771 | Abyss:2  | HP: 2/67 [spatial maelstrom (20)]
  8772 | Abyss:2  | Slain by a spatial maelstrom

Illustrated notes

Levels and vault maps discovered:
D:1:      lightli_arrival_windingriver, layout_loops_ring, serial_shops,
          nicolae_shop_bloodbath_and_beyond, nicolae_lakefront_shop,
          shop_fountains, shop, nicolae_shop_crystal
D:2:      layout_basic, hellmonk_ecumenical_altar_run_dry, serial_shops,
          nicolae_shop_hallway_plus
D:3:      layout_loops_corners, uniq_ijyb, uniq_terence, uniq_jessica
D:4:      cheibrodos_pilgrimage, layout_basic
D:5:      layout_loops_cross, biasface_ghost_orc_armoury,
          kennysheep_generic_room_9, uniq_menkaure
D:6:      layout_cave_pools, uniq_grinder, uniq_sigmund, uniq_crazy_yiuf_cottage
D:7:      layout_basic, minmay_temple_entry_stoned_glass, dk_vineyard_3
D:8:      layout_cave_pods, minmay_hedge_maze, nrook_mini_vaults, uniq_joseph
D:9:      layout_gridville, serial_shops, nicolae_shop_advertising_works
          [nicolae_subvault_shop_adworks], kennysheep_small_circle, uniq_erolcha
Temple:   mainiacjoe_temple_starburst
Abyss:2:  base: D:1, evilmike_abyss_exit_glass, evilmike_abyss_exit_glass,
          evilmike_abyss_exit_10, evilmike_abyss_exit_10, patterned_corridor,
          serial_sigils_hangedman_snap, hangedman_abyss_stitches_cave,
          hangedman_eye_storm

Skill      XL: |  1  2  3  4  5  6  7  8  9 10 |
---------------+-------------------------------+-----
Axes           | 2 3 4 5 6 8 9 |  9.4
Fighting       | 4 5 6 7 |  7.2
Armour         | 4 5 6 7 |  7.4
Shields        | 4 5 7 |  7.9
Evocations     | 1 2 3 5 6 |  6.2
Invocations    | 3 |  3.2

Action                   |  1- 3 |  4- 6 |  7- 9 | 10-12 || total
-------------------------+-------+-------+-------+-------++-------
Melee: War axe           |   112 |   104 |   197 |   287 ||   700
  Use: Scroll            |       |     7 |     3 |     1 ||    11
       Potion            |       |       |     6 |       ||     6
Armor: Scale mail        |    39 |       |       |       ||    39
       Chain mail        |     3 |    63 |   174 |    39 ||   279
       Plate armour      |       |       |       |   201 ||   201
Dodge: Dodged            |    77 |    50 |   114 |   151 ||   392
Block: Buckler           |    16 |       |       |       ||    16
       Kite shield       |    15 |    58 |   145 |   229 ||   447

Table legend: (Time is in decaauts)
 A = Elapsed time spent in this place.
 B = Non-inter-level travel time spent in this place.
 C = Inter-level travel time spent in this place.
 D = Time resting spent in this place.
 E = Time spent auto-exploring this place.
 F = Levels seen in this place.
 G = Mean time per level.
                   A        B        C        D        E       F      G
               +--------+--------+--------+--------+--------+-----+--------+
         Total |   9024 |   8709 |    315 |   1530 |   4832 |  11 |  820.4 |
       Dungeon |   8321 |   8075 |    246 |   1530 |   4664 |   9 |  924.6 |
        Temple |    269 |    200 |     69 |      0 |    168 |   1 |  269.0 |
         Abyss |    432 |    432 |      0 |      0 |      0 |   1 |  432.0 |
               +--------+--------+--------+--------+--------+-----+--------+

Top non-repeatable levels by time:
     D:6: 1275 daAuts
     D:8: 1223 daAuts
     D:1: 1091 daAuts
     D:3: 1063 daAuts
     D:4: 1012 daAuts
     D:5: 986 daAuts
     D:7: 959 daAuts
     D:2: 636 daAuts
 Abyss:2: 432 daAuts
  Temple: 269 daAuts
     D:9: 73 daAuts
